 Dungeon Crawl Stone Soup version 0.28.0 (webtiles) character file.

Game seed: 10680473464128961409

195 ReploidZero the Bolt Thrower (level 6, -2/48 HPs)
             Began as a Formicid Hunter on Feb 14, 2022.
             Slain by a gnoll (6 damage)
             ... on level 4 of the Dungeon.
             The game lasted 00:10:27 (4058 turns).

ReploidZero the Bolt Thrower (Formicid Hunter)      Turns: 4058, Time: 00:10:28

Health: -2/48      AC:  3    Str: 17 (19) XL:     6   Next: 4%
Magic:  6/6        EV: 12    Int:  7 (10) God:
Gold:   212        SH:  0    Dex:  8 (11) Spells: 5/5 levels left

rFire   . . .      SeeInvis +   a - +1 hand crossbow
rCold   . . .      Faith    .   (no shield)
rNeg    + . .      Spirit   .   c - +0 leather armour
rPois   .          Reflect  .   (helmet unavailable)
rElec   .          Harm     .   (no cloak)
rCorr   .          Rampage  .   (no gloves)
Will    .....                   (no boots)
Stlth   +.........              (no amulet)
HPRegen 0.16/turn               f - ring of positive energy
MPRegen 0.10/turn               (no ring)

@: no status effects
A: permanent stasis, dig shafts and tunnels, antennae 3, four strong arms
a: Dig, Shaft Self


You were on level 4 of the Dungeon.
You visited 1 branch of the dungeon, and saw 4 of its levels.

You collected 212 gold pieces.

Inventory:

Hand Weapons
 a - a +1 hand crossbow (weapon)
 l - a +1 dagger of speed
Missiles
 d - 8 bolts (quivered ammo)
Armour
 c - a +0 leather armour (worn)
Jewellery
 f - a ring of positive energy (left hand)
Scrolls
 b - a scroll of identify
 h - a scroll of magic mapping
Potions
 e - 2 potions of berserk rage
 g - a potion of flight
 j - 2 potions of ambrosia


   Skills:
 + Level 4.0 Fighting
 + Level 5.0 Crossbows
 + Level 3.3 Dodging
 - Level 1.2 Stealth


You had 5 spell levels left.
You didn't know any spells.
Your spell library contained the following spells:

 Spells                   Type           Power      Damage    Failure   Level
 Ensorcelled Hibernation  Hex/Ice        0%         N/A       65%         2
 Passwall                 Tmut/Erth      0%         N/A       65%         2
 Swiftness                Air            Unusable   N/A       N/A         3

Dungeon Overview and Level Annotations

Branches:
Dungeon (4/15)
 Temple: D:4-7

Altars:
Wu Jian

Shops:
D:2 [


Innate Abilities, Weirdness & Mutations

You cannot be hasted, slowed, berserked, paralysed or teleported.
You can dig through walls and to a lower floor.
You have a pair of large antennae on your head. (SInv)
Your four strong arms can wield two-handed weapons with a shield.


Message History

Fire: 13 bolts
Press: ? - help, Q - select action, (/) - cycle Shift-Dir - straight line, f/p - ogre
Aim: an ogre, wielding a +0 giant spiked club (moderately wounded, 77% to hit)
You shoot a bolt. The bolt completely misses the ogre.
The gnoll shouts!
The bolt hits the gnoll!
You kill the gnoll!
You have reached level 6!
Unknown command.
Unknown command.
Fire: 12 bolts
Press: ? - help, Q - select action, (/) - cycle Shift-Dir - straight line, f/p - ogre
Aim: an ogre, wielding a +0 giant spiked club (moderately wounded, 77% to hit)
You shoot a bolt. The bolt hits the ogre!
The ogre is severely wounded.
Unknown command.
Fire: 11 bolts
Press: ? - help, Q - select action, (/) - cycle Shift-Dir - straight line, f/p - ogre
Aim: an ogre, wielding a +0 giant spiked club (severely wounded, 77% to hit)
You shoot a bolt.
The bolt hits the ogre but does no damage.
The ogre is severely wounded.
The ogre hits you with a +0 giant spiked club!
Unknown command.
Fire: 10 bolts
Press: ? - help, Q - select action, (/) - cycle Shift-Dir - straight line, f/p - ogre
Aim: an ogre, wielding a +0 giant spiked club (severely wounded, 77% to hit)
You shoot a bolt. The bolt hits the ogre.
The ogre is severely wounded.
The ogre hits you with a +0 giant spiked club!!
Ouch! That really hurt!
* * * LOW HITPOINT WARNING * * *
Unknown command.
Fire: 9 bolts
Press: ? - help, Q - select action, (/) - cycle Shift-Dir - straight line, f/p - ogre
Aim: an ogre, wielding a +0 giant spiked club (severely wounded, 77% to hit)
You shoot a bolt. The bolt hits the ogre!
You kill the ogre!
The gnoll hits you from afar with a +0 spear.
You die...

##### #
#...# .#
#.##.#
#<@..#
###).....$
g.#####
#.# .# ()
.. ..


You could see a gnoll.

Vanquished Creatures
  An ogre (D:4)
  2 orc wizards (D:3)
  A hound zombie (D:2)
  2 gnolls (D:4)
  2 adders (D:3)
  An adder zombie (D:2)
  A worm (D:3)
  A dart slug (D:1)
  6 orcs (D:3)
  A bat zombie (D:2)
  4 endoplasms
  2 giant cockroaches (D:1)
  4 goblins
  4 hobgoblins
  4 jackals (D:3)
  A quokka (D:1)
  5 ball pythons
  3 bats
  A frilled lizard (D:3)
  A jackal skeleton (D:2)
  9 kobolds
  4 rats
60 creatures vanquished.

Vanquished Creatures (others)
  An orc wizard (D:3)
1 creature vanquished.

Grand Total: 61 creatures vanquished

Notes
Turn   | Place    | Note
-------+----------+-------------------------------------------
     0 | D:1      | ReploidZero the Formicid Hunter began the quest for the
                  | Orb.
     0 | D:1      | Reached XP level 1. HP: 16/16 MP: 1/1
    45 | D:1      | Reached XP level 2. HP: 9/23 MP: 2/2
   889 | D:1      | HP: 1/23 [goblin (3)]
  1338 | D:1      | Reached XP level 3. HP: 23/28 MP: 3/3
  1978 | D:2      | Found Zunas's Armour Shop.
  2188 | D:2      | Reached XP level 4. HP: 21/35 MP: 4/4
  2349 | D:2      | Found an ornate altar of the Wu Jian Council.
  2856 | D:3      | Reached XP level 5. HP: 31/41 MP: 5/5
  3623 | D:3      | Reached skill level 5 in Crossbows
  3629 | D:3      | HP: 2/42 [orc (1)]
  3673 | D:3      | HP: 2/42 [orc (2)]
  4052 | D:4      | Noticed an ogre
  4055 | D:4      | Reached XP level 6. HP: 48/48 MP: 6/6
  4058 | D:4      | Killed an ogre
  4058 | D:4      | Slain by a gnoll

Illustrated notes

Levels and vault maps discovered:
D:1:      ncdulo_wetmaze, layout_rooms
D:2:      layout_rooms, basic_altar, serial_undead, serial_undead_c,
          serial_undead_d, serial_undead_f, serial_undead_d, serial_shops,
          nicolae_shop_trees
D:3:      layout_basic
D:4:      layout_loops_ring, minmay_temple_entry_large_hall,
          minmay_misc_feat_encased

Skill      XL: |  1  2  3  4  5 |
---------------+----------------+-----
Dodging        | 2 3 |  3.3
Fighting       | 3 4 |  4.0
Crossbows      | 5 |  5.0
Stealth        | |  1.2

Action                   |  1- 3 |  4- 6 || total
-------------------------+-------+-------++-------
Melee: Short sword       |   117 |    25 ||   142
       Punch             |     3 |     1 ||     4
       Dagger            |       |    97 ||    97
 Fire: Hand crossbow     |    14 |    22 ||    36
 Abil: Dig               |     1 |     1 ||     2
  Use: Scroll            |     3 |     2 ||     5
       Potion            |       |     3 ||     3
 Stab: Sleeping          |       |     1 ||     1
Armor: Leather armour    |    47 |    29 ||    76
Dodge: Dodged            |    91 |    59 ||   150
